Map: Bridgehead LE (Void)

Players

wabbajack - Winner!

  • Race: Zerg Zerg
  • League: Gold

Bram

  • Race: Protoss Protoss
  • League: Grandmaster

VOD

Have the link to the VOD?

Description

Time

  • Played on: July 20, 2015, 2:57 p.m.
  • Length: 6:02
Show
View Real Time Build Order
Export as new Build Order

wabbajack Zerg - Winner!

Build Orders: Hatch First 

Get SALT Encoding   

  12  0:01  Drone  
  13  0:13  Overlord  
  13  0:18  Drone  
  14  0:32  Drone x2  
  16  0:37  Drone  
  17  0:53  Hatchery  
  16  0:57  Drone  
  16  1:00  Drone  
  18  1:04  Extractor  
  18  1:06  Extractor  
  18  1:08  Drone  
  17  1:24  Spawning Pool  
  16  1:26  Drone  
  16  1:31  Drone  
  18  1:40  Drone  
  19  1:52  Overlord  
  19  2:03  Drone  
  19  2:07  Pneumatized Carapace  
  20  2:10  Queen  
  20  2:14  Metabolic Boost  
  22  2:28  Drone  
  22  2:29  Drone x2  
  25  2:30  Drone  
  26  2:47  Spine Crawler  
  26  2:50  Spine Crawler  
  24  2:55  Spine Crawler  
  24  2:56  Queen  
  25  3:11  Zergling x4  
  25  3:12  Zergling x4  
  29  3:13  Zergling x4  
  31  3:23  Zergling x4  
  33  3:34  Overlord  
  33  3:38  Zergling x4  
  34  3:53  Zergling x2  
  34  3:54  Zergling x8  
  33  4:06  Zergling x2  
  33  4:07  Zergling x10  
  39  4:13  Overlord x2  
  39  4:17  Baneling Nest  
  38  4:47  Drone x3  
  38  4:51  Drone x2  
  41  5:20  Spore Crawler  
  40  5:23  Spore Crawler  
  40  5:27  Roach Warren  
Show
View Real Time Build Order
Export as new Build Order

Bram Protoss 

Build Orders: Mass Adepts 

Get SALT Encoding   

  12  0:01  Probe  
  13  0:14  Pylon  
  13  0:18  Probe  
  14  0:33  Gateway  
  14  0:36  Probe (Chrono Boost)  
  15  0:45  Probe (Chrono Boost), Assimilator  
  16  0:53  Probe  
  17  1:05  Probe  
  17  1:06  Gateway  
  18  1:17  Probe  
  19  1:21  Cybernetics Core  
  19  1:26  Pylon  
  19  1:31  Probe  
  20  1:34  Assimilator  
  20  1:43  Probe  
  21  1:55  Probe  
  21  1:59  Warp Gate (Chrono Boost)  
  21  2:01  Adept x2  
  26  2:10  Gateway  
  26  2:16  Pylon  
  26  2:29  Adept x2  
  30  2:47  Robotics Facility  
  30  2:52  Twilight Council  
  32  3:05  Adept  
  32  3:06  Adept  
  34  3:13  Adept  
  36  3:21  Pylon  
  36  3:28  Probe  
  29  4:03  Warp Prism  
  31  4:11  Dark Shrine  
  31  4:13  Pylon  
  27  4:28  Adept x3  
  33  4:40  Observer  
  33  4:42  Gateway  
  34  4:49  Pylon  
  34  4:51  Adept x2  
  35  5:25  Zealot x3  
  24  5:38  Mothership Core  
Tags
 
Add a new tag
Caveats
  • Supply blocks, unpowered buildings, or Contaminate may cause inaccurate times.
  • Supply counts are checked every 10 seconds.